 Dungeon Crawl Stone Soup version 0.23.0 (webtiles) character file.

Game seed: 354134394864424938

15 tidbits the Charmwright (level 2, 10/26 HPs)
             Began as a Gnoll Skald on Feb 14, 2019.
             Quit the game on level 3 of the Dungeon.
             The game lasted 00:02:49 (273 turns).

tidbits the Charmwright (Gnoll Skald)                Turns: 273, Time: 00:02:49

Health: 10/26      AC:  3    Str: 13    XL:     2   Next: 50%
Magic:  7/7        EV: 14    Int: 15    God:
Gold:   30         SH:  0    Dex: 14    Spells: 5/10 levels left

rFire    . . .     SeeInvis .   a - +0 spear
rCold    . . .     Gourm    .   (no shield)
rNeg     . . .     Faith    .   b - +0 leather armour
rPois    .         Spirit   .   (no helmet)
rElec    .         Reflect  .   (no cloak)
rCorr    .         Harm     .   (no gloves)
MR       .....                  (no boots)
Stlth    +.........             (no amulet)
HPRegen  0.08/turn              (no ring)
MPRegen  0.10/turn              (no ring)

@: no status effects
A: distributed training, fangs 1, strong nose
a: no special abilities


You were on level 3 of the Dungeon.
You were not hungry.

You visited 1 branch of the dungeon, and saw 3 of its levels.

You collected 30 gold pieces.

Inventory:

Hand Weapons
 a - a +0 spear (weapon)
 f - a +0 dagger
 g - a +0 blowgun
Missiles
 h - 16 poisoned needles
 j - 3 javelins (quivered)
Armour
 b - a +0 leather armour (worn)
Scrolls
 e - a scroll of remove curse {unknown}
 i - a scroll of teleportation {unknown}
Potions
 c - a potion of resistance
 k - a potion of curing {unknown}
Comestibles
 d - 3 rations


   Skills:
 + Level 4.5 Fighting
 + Level 0.4 Short Blades
 + Level 0.4 Long Blades
 + Level 0.4 Axes
 + Level 0.4 Maces & Flails
 + Level 4.5 Polearms
 + Level 0.4 Staves
 + Level 0.4 Slings
 + Level 0.4 Bows
 + Level 0.4 Crossbows
 + Level 0.4 Throwing
 + Level 2.5 Armour
 + Level 4.5 Dodging
 + Level 0.4 Stealth
 + Level 0.4 Shields
 + Level 0.4 Unarmed Combat
 + Level 4.9 Spellcasting
 + Level 0.2 Conjurations
 + Level 0.2 Hexes
 + Level 5.3 Charms
 + Level 0.2 Summonings
 + Level 0.2 Necromancy
 + Level 0.2 Translocations
 + Level 0.2 Transmutations
 + Level 0.2 Fire Magic
 + Level 0.2 Ice Magic
 + Level 0.2 Air Magic
 + Level 0.2 Earth Magic
 + Level 0.2 Poison Magic
 + Level 0.5 Invocations
 + Level 0.4 Evocations


You had 5 spell levels left.
You knew the following spells:

 Your Spells              Type           Power        Failure   Level  Hunger
g - Shroud of Golubria    Chrm/Tloc      ##........   10%         2    ##.....
i - Infusion              Chrm           ###.         2%          1    None
y - Song of Slaying       Chrm           ###.....     3%          2    ##.....

Your spell library contained the following spells:

 Spells                   Type           Power        Failure   Level  Hunger
 Regeneration             Chrm/Necr      ##........   21%         3    ###....
 Spectral Weapon          Hex/Chrm       ##......     21%         3    ###....


Dungeon Overview and Level Annotations

Branches:
Dungeon (3/15)

Altars:


Innate Abilities, Weirdness & Mutations

Your experience applies equally to all skills.
You have very sharp teeth.
Your uncanny sense of smell can sniff out nearby items.


Message History

Press: ? - help, Dir - move target cursor, f - kobold
Aim: a kobold You reach to attack!
You miss the kobold. You hit the kobold but do no damage.
The kobold hits you but does no damage.
You miss the kobold. The kobold barely misses you.
You hit the kobold.
You kill the kobold!
Found a stone staircase leading up.
Unknown command.
Found 26 stones.
There is a stone staircase leading up here.
You climb upwards.
You start to feel less resistant.
Found 3 javelins and 29 stones.
There is a stone staircase leading down here.
You see here 3 javelins.
j - 3 javelins As you open the door, it creaks loudly!
Your resistance to elements expires.
You hear a shout!
A hobgoblin comes into view. It is wielding a +0 club.
The hobgoblin shouts!
There is an open door here.
Throwing (i - inventory)
j - 3 javelins (quivered)
Press: ? - help, Shift-Dir - straight line, f - hobgoblin
Aim: a hobgoblin, wielding a +0 club You throw a javelin.
The javelin hits the hobgoblin but does no damage.
Throwing (i - inventory)
j - 2 javelins (quivered)
Press: ? - help, Shift-Dir - straight line, f/p - hobgoblin
Aim: a hobgoblin, wielding a +0 club You throw a javelin.
The javelin barely misses the hobgoblin.
The hobgoblin barely misses you.
You closely miss the hobgoblin.
You bite the hobgoblin, but do no damage.
You hit the hobgoblin but do no damage. The hobgoblin closely misses you.
You hit the hobgoblin.
The hobgoblin is moderately wounded.
The hobgoblin closely misses you.
You completely miss the hobgoblin.
The hobgoblin is moderately wounded.
The hobgoblin misses you.
You closely miss the hobgoblin.
The hobgoblin is moderately wounded.
The hobgoblin barely misses you.
You barely miss the hobgoblin.
The hobgoblin is moderately wounded.
You closely miss the hobgoblin.
You bite the hobgoblin, but do no damage.
The hobgoblin is moderately wounded.
The hobgoblin hits you with a +0 club.
* * * LOW HITPOINT WARNING * * *
You hit the hobgoblin.
The hobgoblin is severely wounded.
The hobgoblin barely misses you.
You closely miss the hobgoblin.
The hobgoblin is severely wounded.
The hobgoblin barely misses you.
You closely miss the hobgoblin.
The hobgoblin is severely wounded.
The hobgoblin completely misses you.
You hit the hobgoblin.
You kill the hobgoblin!
You see here a +0 club.
You see here a javelin.
j - 2 javelins (gained 1)
Found 14 gold pieces.
You see here a javelin.
Unknown command.
j - 3 javelins (gained 1)
You see here 14 gold pieces.
You now have 30 gold pieces (gained 14).
You see here a +0 club.
There is an open door here.
There is a stone staircase leading down here.
You climb downwards.
There is a stone staircase leading up here.
Unknown command.
You hit the rat.
The rat is severely wounded.
You completely miss the rat.
The rat is severely wounded.
The rat barely misses you.
You closely miss the rat.
The rat is severely wounded.
The rat completely misses you.
You hit the rat.
You kill the rat!
You see here 26 stones.
Found a grey potion.
Found a stone staircase leading down.
You see here a grey potion.
k - a grey potion
Found 8 gold pieces.
Unknown command.
Unknown command.
Unknown command.
Unknown command.
Are you sure you want to abandon this character and quit the game? (Confirm with "yes".)

#.# .# #.# . #.# #.####
#.# ####$ ..# #.# #
#.....#.# #.######
#.....#.#### #.(.....
...........######..#####
#......@...>.##....# #
##...####.........## #
#.. ###.###...###### .
#.# #.......†. #.#
#...#####. #.# #...#
##.. #.###...###...
#.##........#.
#.##.#....###.


There were no monsters in sight!

Vanquished Creatures
  A goblin (D:3)
  A hobgoblin (D:2)
  4 jackals (D:3)
  A quokka (D:3)
  2 bats (D:3)
  4 kobolds (D:3)
  A rat (D:3)
14 creatures vanquished.

Notes
Turn   | Place    | Note
-------+----------+-------------------------------------------
     0 | D:1      | tidbits the Gnoll Skald began the quest for the Orb.
     0 | D:1      | Reached XP level 1. HP: 20/20 MP: 6/6
   122 | D:3      | Reached XP level 2. HP: 14/26 MP: 1/7
   131 | D:3      | Learned a level 2 spell: Song of Slaying
   134 | D:3      | Learned a level 2 spell: Shroud of Golubria
   165 | D:2      | HP: 5/26 [poisoned by a kobold]
   273 | D:3      | Quit the game

Action                   || total
-------------------------++-------
Melee: Spear             ||    65
       Bite              ||     7
Throw: Javelin           ||     2
 Cast: Infusion          ||     2
       Shroud of Golubri ||     1
  Use: Potion            ||     1
Armor: Leather armour    ||     7
Dodge: Dodged            ||    41

Table legend:
 A = Turns spent in this place as a percentage of turns spent in the entire game.
 B = Non-inter-level travel turns spent in this place as a percentage of non-inter-level travel turns spent in the entire game.
 C = Inter-level travel turns spent in this place as a percentage of turns spent in this place.
 D = Turns resting spent in this place as a percentage of non-inter-level travel turns spent in this place.
 E = Turns spent auto-exploring this place as a percentage of non-inter-level travel turns spent in this place.
 F = Non-inter-level travel turns spent in this place divided by the number of levels of this place that you've seen.
                   A       B       C       D       E      F
               +-------+-------+-------+-------+-------+----------------------
         Total | 100.0 | 100.0 |   0.0 |   0.0 |   0.0 |  91.0
       Dungeon | 100.0 | 100.0 |   0.0 |   0.0 |   0.0 |  91.0
               +-------+-------+-------+-------+-------+----------------------

Table legend:
 A = Kills in this place as a percentage of kills in entire the game.
 B = Kills by you in this place as a percentage of kills by you in the entire game.
 C = Kills by friends in this place as a percentage of kills by friends in the entire game.
 D = Other kills in this place as a percentage of other kills in the entire game.
 E = Experience gained in this place as a percentage of experience gained in the entire game.
 F = Experience gained in this place divided by the number of levels of this place that you have seen.
                   A       B       C       D       E      F
               +-------+-------+-------+-------+-------+----------------------
         Total | 100.0 | 100.0 |   N/A |   N/A | 100.0 |   7.3
       Dungeon | 100.0 | 100.0 |   N/A |   N/A | 100.0 |   7.3
               +-------+-------+-------+-------+-------+----------------------

Levels and vault maps discovered:
D:1:      grunt_arrival_crossed_arrows, layout_basic
D:2:      layout_loops_corners, serial_forest, infiniplex_forest_clump_long,
          infiniplex_forest_corner_1, infiniplex_forest_clump_small,
          infiniplex_forest_lined_3, infiniplex_forest_lined_3,
          infiniplex_forest_lined_ring, infiniplex_forest_join,
          minmay_snake_closets
D:3:      layout_rooms, nicolae_overflow_crystal_walls,
          chequers_ecumenical_altar_grove
